 Dungeon Sprint DCSS version 0.24.0-123-gd5b16e6ec5 (webtiles) character file.

Game seed: 15295008148311856356, levelgen mode: deterministic

35 McKennaii the Skirmisher (level 3, -1/31 HPs)
             Began as a Demonspawn Fighter on Dec 23, 2019.
             Slain by a human (7 damage)
             ... in the Dungeon (Sprint III: "The Ten Rune Challenge").
             The game lasted 00:00:41 (261 turns).

McKennaii the Skirmisher (Demonspawn Fighter)        Turns: 261, Time: 00:00:41

Health: -1/31      AC:  7    Str: 17    XL:     3   Next: 17%
Magic:  3/3        EV:  7    Int:  9    God:
Gold:   12         SH:  9    Dex: 12    Spells: 2/2 levels left

rFire    . . .     SeeInvis .   a - +0 long sword
rCold    . . .     Gourm    .   c - +0 shield
rNeg     . . .     Faith    .   b - +0 scale mail
rPois    .         Spirit   .   (helmet restricted)
rElec    .         Reflect  .   (no cloak)
rCorr    .         Harm     .   (no gloves)
MR       .....     NoTele   +   (no boots)
Stlth    ..........             (no amulet)
HPRegen  0.10/turn              (no ring)
MPRegen  0.08/turn              (no ring)

@: no status effects
A: antennae 2
a: no special abilities


You were in the Dungeon.
You were not hungry.

You visited 1 branch You collected 12 gold pieces.

Inventory:

Hand Weapons
 a - a +0 long sword (weapon)
Armour
 b - a +0 scale mail (worn)
 c - a +0 shield (worn)
Scrolls
 k - a scroll of blinking
Potions
 d - a potion of might
 e - a potion of curing
 g - a potion of heal wounds
 h - a potion of haste
 i - 2 potions of magic
 j - a potion of berserk rage
Comestibles
 f - a ration


   Skills:
 + Level 4.3 Fighting
 * Level 3.1 Long Blades
 + Level 4.1 Armour
 + Level 3.9 Shields


You had 2 spell levels left.
You didn't know any spells.
Your spell library was empty.

Dungeon Overview and Level Annotations

Branches:
Dungeon (1/1)

Altars:


Innate Abilities, Weirdness & Mutations

You have a pair of antennae on your head.


Message History

You hit the human.
The human is almost dead.
You block the human's attack.
You miss the human.
The human is almost dead.
The human completely misses you.
You riposte.
You barely miss the human.
The human is almost dead.
The human hits you but does no damage.
You closely miss the human.
The human is almost dead.
The human hits you.
* * * LOW HITPOINT WARNING * * *
All of the chunks of flesh in your inventory have rotted away.
You closely miss the human.
The human is almost dead.
You block the human's attack.
You miss the human.
The human is almost dead.
The human hits you!
You die...

▓.....#
▓.....#...≈≈♣.♣.
▓....[#..≈≈≈≈..♣
▓####'#..≈≈≈≈≈≈♣
▓..)..#.≈≈≈≈≈≈..
▓.....#.≈≈≈≈≈...
▓.....#.≈≈≈.....
▓'#####.........
▓..@p...........
▓▓▓▓▓▓▓▓▓▓▓▓▓▓▓▓
{ { { { {


You could see a human.

Vanquished Creatures
  Jessica (D)
  2 oozes (D)
3 creatures vanquished.

Vanquished Creatures (others)
  2 draconian scorchers (D)
  6 hellions (D)
  A yaktaur (D)
9 creatures vanquished.

Grand Total: 12 creatures vanquished

Notes
Turn   | Place    | Note
-------+----------+-------------------------------------------
     0 | D        | McKennaii the Demonspawn Fighter began the quest for the
                  | Orb.
     0 | D        | Reached XP level 1. HP: 18/18 MP: 1/1
    12 | D        | Gained mutation: You have a pair of small antennae on your
                  | head. [demonic ancestry]
    12 | D        | Reached XP level 2. HP: 22/24 MP: 2/2
    34 | D        | Noticed Jessica
    44 | D        | Killed Jessica
    44 | D        | Gained mutation: You have a pair of antennae on your head.
                  | [demonic ancestry]
    44 | D        | Reached XP level 3. HP: 13/31 MP: 3/3
    92 | D        | Killed a hellion
   143 | D        | Killed a hellion
   155 | D        | Killed a yaktaur
   193 | D        | Killed a hellion
   195 | D        | Killed a hellion
   205 | D        | Killed a white draconian scorcher
   218 | D        | Killed a white draconian scorcher
   228 | D        | Killed a hellion
   231 | D        | Killed a hellion
   261 | D        | Slain by a human

Levels and vault maps discovered:
D:        dungeon_sprint_mu [sprint_mu_entry_forest, sprint_mu_temple_rooms,
          sprint_mu_d1_spiders, sprint_mu_d2_genie, sprint_mu_d3_branching,
          sprint_mu_orc_legion, sprint_mu_elf_gauntlet, sprint_mu_hive_nellie,
          sprint_mu_lair_fedhas, sprint_mu_vaults_butterflies,
          sprint_mu_slime_circle, sprint_mu_shoals_kraken,
          sprint_mu_snake_twists, sprint_mu_blade_basic,
          sprint_mu_crypt_fortress, sprint_mu_tomb_spiral,
          sprint_mu_vestibule_basic, sprint_mu_gehenna_hellfire,
          sprint_mu_dis_giant, sprint_mu_tartarus_statrot,
          sprint_mu_cocytus_islands, sprint_mu_zot1]

Skill      XL: |  1  2 |
---------------+-------+-----
Long Blades    | 2 3 |  3.1
Armour         | 3 4 |  4.1
Shields        | 3 |  3.9
Fighting       | 4 |  4.3

Action                   || total
-------------------------++-------
Melee: Long sword        ||    41
Armor: Scale mail        ||    11
Dodge: Dodged            ||     9
Block: Shield            ||    15
       Rpst.: Long sword ||     3
